 Dungeon Crawl Stone Soup version 0.31.0-11-ge490571c62 (webtiles) character file.

Game seed: 11787871353684667143

2723 hawla the Cleaver (level 9, -3/71 HPs)
             Began as a Minotaur Monk on Feb 1, 2024.
             Slain by a skeletal warrior
             ... wielding a +0 scimitar
              (13 damage)
             ... on level 8 of the Dungeon.
             The game lasted 00:11:35 (6011 turns).

hawla the Cleaver (Minotaur Monk)                   Turns: 6011, Time: 00:11:37

Health: -3/71      AC: 19    Str: 21    XL:     9   Next: 40%
Magic:  8/8        EV:  7    Int:  7    God:
Gold:   279        SH:  0    Dex: 12    Spells: 8/8 levels left

rFire   + . .        a - +1 hand axe (protect)
rCold   . . .        d - orb {light}
rNeg    . . .        k - +2 plate armour
rPois   .            (helmet restricted)
rElec   .            (no cloak)
rCorr   .            (no gloves)
SInv    .            (no boots)
Will    .....        (no amulet) Stlth
                     g - ring of wizardry
HPRegen 0.31/turn    h - ring of protection from fire
MPRegen 0.11/turn

%: wizardry (x1)
@: about to teleport, under a protective aura, glowing
A: horns 2, retaliatory headbutt
a: no special abilities


You were on level 8 of the Dungeon.
You visited 2 branches of the dungeon, and saw 9 of its levels.

You collected 279 gold pieces.

Inventory:

Hand Weapons
 a - a +1 hand axe of protection (weapon)
 B - a +1 battleaxe of freezing
Missiles
 c - 11 poisoned darts
 f - 3 darts of dispersal (quivered)
Armour
 d - an orb of light (worn)
 k - a +2 plate armour (worn)
Jewellery
 g - a ring of wizardry (left hand)
 h - a ring of protection from fire (right hand)
 p - a ring of resist corrosion
 t - a +6 ring of strength
 x - an amulet of magic regeneration
Wands
 j - a wand of roots (5)
 l - a wand of polymorph (7)
 n - a wand of mindburst (16)
 r - a wand of acid (7)
Scrolls
 w - a scroll of immolation
Potions
 b - a potion of curing
 e - 2 potions of lignification
 i - a potion of attraction
 m - a potion of degeneration
 u - 2 potions of enlightenment
 v - 2 potions of brilliance


   Skills:
 - Level 3.9 Fighting
 - Level 14.0 Axes
 + Level 0.2 Armour
 - Level 6.0 Dodging
 - Level 3.0 Evocations


You had 8 spell levels left.
You didn't know any spells.
Your spell library contained the following spells:

 Spells                   Type           Power      Damage    Failure   Level
 Inner Flame              Hex/Fire       0%         N/A       100%        3
 Ozocubu's Armour         Ice            0%         N/A       100%        3
 Flame Wave               Conj/Fire      0%         2d4       100%        4
 Sticky Flame             Fire/Alch      0%         2d4       100%        4
 Metabolic Englaciation   Hex/Ice        0%         N/A       100%        5
 Sculpt Simulacrum        Ice/Alch       0%         N/A       100%        6
 Chain Lightning          Conj/Air       0%         N/A       100%        9
 Fire Storm               Conj/Fire      0%         5d1       100%        9
 Shatter                  Erth           0%         3d5*      100%        9


Dungeon Overview and Level Annotations

Branches:
Dungeon (8/15)             Temple (1/1) D:7
   Lair: D:8-11

Altars:
Ashenzari
Cheibriados
Dithmenos
Elyvilon
Fedhas
Gozag
Hepliaklqana
Kikubaaqudgha
Nemelex Xobeh
Okawaru
Qazlal
Ru
Sif Muna
Trog
Uskayaw
Vehumet
Wu Jian
Yredelemnul
The Shining One

Shops:
D:7 (

Annotations:
D:5 3 runed translucent doors, Sanktem7's ghost, novice MiFi


Innate Abilities, Weirdness & Mutations

You have a pair of horns on your head.
You reflexively headbutt those who attack you in melee.


Message History

You hit the skeletal warrior but do no damage.
You headbutt the skeletal warrior, but do no damage.
The skeletal warrior is lightly damaged.
You hit the manticore. You hit the manticore but do no damage.
The manticore is lightly wounded.
You hit the skeletal warrior. The manticore bites you!
The manticore claws you but does no damage. x2
The skeletal warrior hits you but does no damage.
You are too injured to fight recklessly!
Unknown command.
You hit the skeletal warrior but do no damage.
You headbutt the skeletal warrior, but do no damage.
The skeletal warrior is moderately damaged.
You hit the manticore but do no damage. The manticore bites you.
* * * LOW HITPOINT WARNING * * *
The manticore completely misses you.
The manticore claws you but does no damage.
The skeletal warrior hits you but does no damage.
As you read the scroll of teleportation, it crumbles to dust.
You feel strangely unstable.
The manticore bites you but does no damage.
The manticore claws you but does no damage.
The manticore claws you.
* * * LOW HITPOINT WARNING * * *
The skeletal warrior hits you with a +0 scimitar.
* * * LOW HITPOINT WARNING * * *
You hit the skeletal warrior but do no damage.
You headbutt the skeletal warrior!
The skeletal warrior is moderately damaged.
You slash the manticore!
Okay, then.
You hit the skeletal warrior but do no damage.
You headbutt the skeletal warrior, but do no damage.
The skeletal warrior is moderately damaged.
You hit the manticore. The manticore bites you!
* * * LOW HITPOINT WARNING * * *
The manticore claws you but does no damage. x2
The skeletal warrior hits you with a +0 scimitar!
You die...

,,,,*****+**,*,*,,,,**,,,,*,,**##
,,,,,,***,,*,*..*##**,,,,,,**##..
****,,,,***,,*#.,..,,,**,,*##.[.#
,,,*,,,,,,***##.,.####*####.....#
,,,*,,,,,,,,*#..,......##........
,,,*,,,,,,,,,*..#.#.#..#......<..
,,,*,,,,,,,*,*#.z.....##.#.......
,,,*,,,,,,,*,,#Hz#.#..#..#.......
,,,*,,,,,,,*,,*#@....##..#.......
,,,*,,,,,,,*,,,#..#..#...#.......
*,,*,,,,,,,*,,,##...##...#.......
*,,*,,,,,,,*+*,,#.))#..###.......
,,,*,,,,,,,+,,,,##†##.#..#§§§....
,,,*,,,,,,,*,,,,,#.#..#..+§§§....
*,,*,,,,,,,*,,,,,#.#..##+#§.§§§..
****,,,,,,,#......#.....§...§..##
*,,,,,,,######.#.....§§.....#.


You could see a skeletal warrior, a manticore and a wight.

Vanquished Creatures
  A yak (D:8)
  Menkaure (D:4)
  3 ice beasts
  2 orc warriors
  A black bear (D:7)
  An ogre (D:5)
  2 centaurs
  3 phantoms
  2 scorpions
  5 wights (D:7)
  5 killer bees (D:7)
  A howler monkey (D:8)
  An orc priest (D:5)
  4 hounds
  3 jellies
  A gnoll bouda (D:4)
  5 iguanas
  2 sleepcaps
  3 orc wizards
  Ijyb (D:4)
  4 gnolls (D:4)
  8 adders
  A shadow imp (D:6)
  A white imp (D:6)
  2 ufetubi (D:7)
  3 dart slugs
  2 ribbon worms (D:4)
  11 orcs
  5 bats
  6 endoplasms
  4 giant cockroaches
  8 goblins
  7 hobgoblins
  9 jackals
  6 kobolds
  A quokka (D:3)
  6 ball pythons
  3 rats
134 creatures vanquished.

Notes
Turn   | Place    | Note
-------+----------+-------------------------------------------
     0 | D:1      | hawla the Minotaur Monk began the quest for the Orb.
     0 | D:1      | Reached XP level 1. HP: 19/19 MP: 0/0
    83 | D:1      | Reached XP level 2. HP: 27/27 MP: 1/1
    98 | D:1      | Reached skill level 4 in Axes
   474 | D:2      | Reached XP level 3. HP: 33/33 MP: 2/2
   530 | D:2      | Reached skill level 5 in Axes
   777 | D:2      | Found a blossoming altar of Fedhas.
  1082 | D:3      | Found an iron altar of Okawaru.
  1156 | D:3      | Reached XP level 4. HP: 40/40 MP: 3/3
  1232 | D:3      | Reached skill level 6 in Axes
  1499 | D:3      | Found an ancient bone altar of Kikubaaqudgha.
  1554 | D:4      | Reached XP level 5. HP: 19/46 MP: 4/4
  1656 | D:4      | Reached skill level 7 in Axes
  1720 | D:4      | Noticed Ijyb
  1739 | D:4      | Killed Ijyb
  2028 | D:4      | Reached XP level 6. HP: 52/52 MP: 5/5
  2067 | D:4      | Found a broken altar of Ashenzari.
  2067 | D:4      | Found a white marble altar of Elyvilon.
  2067 | D:4      | Found a sacrificial altar of Ru.
  2069 | D:4      | Found a basalt altar of Yredelemnul.
  2069 | D:4      | Found a sparkling altar of Nemelex Xobeh.
  2069 | D:4      | Found a radiant altar of Vehumet.
  2071 | D:4      | Found a hide-covered altar of Uskayaw.
  2071 | D:4      | Found a stormy altar of Qazlal.
  2071 | D:4      | Found a shadowy altar of Dithmenos.
  2075 | D:4      | Noticed Menkaure
  2080 | D:4      | Killed Menkaure
  2081 | D:4      | Reached skill level 8 in Axes
  2410 | D:5      | Entered Level 5 of the Dungeon
  2431 | D:5      | Reached skill level 9 in Axes
  2443 | D:5      | Reached XP level 7. HP: 14/58 MP: 6/6
  2731 | D:5      | Reached skill level 10 in Axes
  2956 | D:5      | Found a runed translucent gate.
  2956 | D:5      | Found a runed translucent gate.
  2956 | D:5      | Found a runed translucent gate.
  2956 | D:5      | Noticed Sanktem7's ghost (novice MiFi)
  2985 | D:5      | Reached skill level 11 in Axes
  3860 | D:6      | Reached XP level 8. HP: 61/66 MP: 7/7
  4106 | D:6      | Reached skill level 12 in Axes
  4681 | D:7      | Reached skill level 13 in Axes
  5029 | D:7      | Reached skill level 14 in Axes
  5057 | D:7      | Reached skill level 1 in Evocations
  5057 | D:7      | Reached XP level 9. HP: 45/71 MP: 8/8
  5196 | D:7      | Found Mengasoi's Weapon Shoppe.
  5444 | D:7      | Found a staircase to the Ecumenical Temple.
  5745 | Temple   | Entered the Ecumenical Temple
  5989 | D:8      | Reached skill level 5 in Dodging
  5998 | D:8      | Noticed a skeletal warrior
  6000 | D:8      | Noticed a manticore
  6011 | D:8      | Slain by a skeletal warrior

Illustrated notes

Levels and vault maps discovered:
D:1:      dpeg_arrival_fog, layout_rooms, solitary_fountain
D:2:      layout_basic, basic_altar
D:3:      layout_rooms, okawaru_metal_pillars_1_2,
          nicolae_overflow_hidden_temple, grunt_ministairs_4
D:4:      layout_gridville, nicolae_overflows_in_rows, uniq_menkaure, uniq_ijyb
D:5:      layout_basic, ebering_ghost_rock_garden
D:6:      layout_gridville
D:7:      layout_rooms, minmay_temple_entry_statues_fountains, serial_shops,
          nicolae_shop_tiny_statue_garden, kennysheep_crisscross
D:8:      minmay_the_grid_four_pointed_star
          [minmay_the_grid_triangle_9x9_odd_lines,
          minmay_the_grid_triangle_9x9_negative_grid,
          minmay_the_grid_triangle_9x9_tough_junction,
          minmay_the_grid_triangle_9x9_longest,
          minmay_the_grid_prize_inner_circle], layout_gridville,
          gammafunk_ghost_nasty_kobolds, serial_shops, shop,
          hellmonk_guarded_unrand_lears, uniq_maggie, uniq_gastronok
Temple:   pf_temple_reverse_labyrinth

Skill      XL: |  1  2  3  4  5  6  7  8  9 |
---------------+----------------------------+-----
Axes           | 4 5 6 7 9 11 14 | 14.0
Evocations     | 1 3 |  3.0
Dodging        | 6 |  6.0
Fighting       | |  3.9
Armour         | |  0.2

Action                     |  1- 3 |  4- 6 |  7- 9 || total
---------------------------+-------+-------+-------++-------
  Melee: Hand axe          |    75 |    85 |   240 ||   400
         Headbutt          |    19 |    22 |    61 ||   102
  Evoke: Wand              |       |     1 |       ||     1
    Use: Scroll            |     7 |     2 |    10 ||    19
         Potion            |       |     3 |     2 ||     5
 Armour: Robe              |    14 |       |       ||    14
         Plate armour      |    49 |    99 |   208 ||   356
  Dodge: Dodged            |    35 |    23 |    66 ||   124
